 Dungeon Crawl Stone Soup version 0.26.1-2-gb8aa6d0cf2 (webtiles) character file.

Game seed: 18388427635078761376

582 BOMJPIETVODKU the Skirmisher (level 7, -2/56 HPs)
             Began as a Demonspawn Fighter on Feb 15, 2021.
             Slain by an ice beast (10 damage)
             ... on level 4 of the Dungeon.
             The game lasted 00:15:32 (4709 turns).

BOMJPIETVODKU the Skirmisher (Demonspawn Fighter)   Turns: 4709, Time: 00:15:33

Health: -2/56      AC: 11    Str: 19    XL:     7   Next: 14%
Magic:  7/7        EV:  8    Int:  9    God:
Gold:   221        SH:  9    Dex: 12    Spells: 6/6 levels left

rFire    . . .     SeeInvis .   t - +2 dagger (vamp)
rCold    . . .     Faith    .   c - +0 kite shield
rNeg     . . .     Spirit   .   p - +2 scale mail {rPois}
rPois    +         Reflect  .   (no helmet)
rElec    .         Harm     .   (no cloak)
rCorr    .         Rampage  .   (no gloves)
Will     .....                  (no boots)
Stlth    ..........             n - amulet of the acrobat
HPRegen  0.18/turn              (no ring)
MPRegen  0.10/turn              (no ring)

@: no status effects
A: talons 1, rugged brown scales 2, powered by death 1, powered by pain 2
a: no special abilities


You were on level 4 of the Dungeon.
You visited 1 branch of the dungeon, and saw 5 of its levels.

You collected 221 gold pieces.

Inventory:

Hand Weapons
 a - a +0 long sword
 t - a +2 vampiric dagger (weapon)
Armour
 c - a +0 kite shield (worn)
 p - a +2 scale mail of poison resistance (worn)
 w - a +1 chain mail of cold resistance
 x - +0 ice dragon scales
Jewellery
 n - an amulet of the acrobat (around neck)
Wands
 r - a wand of flame (19)
 y - a wand of polymorph (6)
Scrolls
 b - 2 scrolls of teleportation {unknown}
 e - a scroll of enchant armour {unknown}
 i - a scroll of amnesia {unknown}
 k - 2 scrolls of fog {unknown}
 l - 2 scrolls of fear {unknown}
 m - 3 scrolls of identify {unknown}
 q - a scroll of magic mapping {unknown}
 s - 2 scrolls of remove curse {unknown}
Potions
 d - 2 potions of might
 f - 2 potions of lignification {unknown}
 g - 5 potions of curing {unknown}
 h - 2 potions of resistance
 j - 2 potions of ambrosia {unknown}
 o - a potion of attraction {unknown}
 u - a potion of haste {unknown}
 v - a potion of heal wounds {unknown}


   Skills:
 * Level 4.3 Fighting
 + Level 3.6 Long Blades
 + Level 4.1 Armour
 + Level 1.5 Dodging
 + Level 0.1 Stealth
 + Level 4.2 Shields
 * Level 2.0 Unarmed Combat


You had 6 spell levels left.
You didn't know any spells.
Your spell library was empty.

Dungeon Overview and Level Annotations

Branches:
Dungeon (5/15)             Temple (0/1) D:4

Altars:
Elyvilon
Hepliaklqana
Kikubaaqudgha
Nemelex Xobeh
Qazlal
Uskayaw
Xom


Innate Abilities, Weirdness & Mutations

You have sharp toenails.
You are mostly covered in rugged brown scales. (AC +2, +5% HP)
You regenerate a little health from kills.
You sometimes gain power by taking damage.


Message History

You hit the ice beast.
You feel better.
You claw the ice beast, but do no damage.
The ice beast is almost dead.
The ice beast hits you. The ice beast freezes you!
* * * LOW HITPOINT WARNING * * *
You hit the ice beast. Your kick misses the ice beast.
The ice beast is almost dead.
You block the ice beast's attack.
You completely miss the ice beast.
The ice beast is almost dead.
The ice beast barely misses you.
You closely miss the ice beast. Your kick misses the ice beast.
The ice beast is almost dead.
You block the ice beast's attack.
You completely miss the ice beast.
The ice beast is almost dead.
The ice beast hits you.
* * * LOW HITPOINT WARNING * * *
The ice beast freezes you!
You die...

#.#...#####..# #.########.##
#.##.........# ####.#.....##.#
#.##.#####...#####....#........#
#.##.#####................###..#
#.##....###..###.#...###.##.##.##
#.##.##.###..# #.##.##...#...#...
#.##......#..###.##.#..####.####.
#.##..#.#.#....)......##..#'#..##
#...........#..[@Y..#.#...'.)._.#
##....#.#.###....)....##.##.##.##
#.##...>.###..........###.#.###.
#.####.#..................#.....
#.####.#.####.#.......#..###.###
#...............................
######...................#.#####
###.#####..####..###### # #.#
#.....##..# ########


You could see an ice beast.

Vanquished Creatures
  A black bear (D:1)
  An ogre (D:4)
  Crazy Yiuf (D:2)
  2 orc priests
  A bullfrog skeleton (D:5)
  Terence (D:2)
  3 orc wizards
  A worker ant (D:4)
  2 adders
  A shadow imp (D:5)
  A white imp (D:5)
  2 oozes
  An adder skeleton (D:5)
  2 worms
  4 dart slugs
  2 leopard geckos
  17 orcs
  2 bat zombies (D:2)
  3 giant cockroaches
  8 goblins
  13 hobgoblins
  4 jackals
  8 kobolds
  2 quokkas (D:3)
  2 ball pythons
  9 bats
  6 frilled lizards
  A jackal skeleton (D:5)
  12 rats
  3 rat zombies (D:2)
116 creatures vanquished.

Notes
Turn   | Place    | Note
-------+----------+-------------------------------------------
     0 | D:1      | BOMJPIETVODKU the Demonspawn Fighter began the quest for
                  | the Orb.
     0 | D:1      | Reached XP level 1. HP: 18/18 MP: 1/1
   189 | D:1      | Gained mutation: You are partially covered in rugged brown
                  | scales. (AC +1, +3% HP) [demonic ancestry]
   189 | D:1      | Reached XP level 2. HP: 18/24 MP: 2/2
   652 | D:1      | Gained mutation: You regenerate a little health from kills.
                  | [demonic ancestry]
   652 | D:1      | Reached XP level 3. HP: 24/29 MP: 3/3
  1304 | D:2      | Noticed a black bear
  1357 | D:1      | Killed a black bear
  1358 | D:1      | Gained mutation: You have sharp toenails. [demonic
                  | ancestry]
  1358 | D:1      | Reached XP level 4. HP: 12/37 MP: 4/4
  1358 | D:1      | Gained mutation: You sometimes gain a little power by
                  | taking damage. [demonic ancestry]
  1358 | D:1      | Reached XP level 5. HP: 14/42 MP: 5/5
  1583 | D:2      | Found a hide-covered altar of Uskayaw.
  1583 | D:2      | Found a white marble altar of Elyvilon.
  1613 | D:2      | Noticed Terence
  1632 | D:2      | Killed Terence
  1676 | D:2      | Found an ancient bone altar of Kikubaaqudgha.
  1874 | D:2      | Found a runed translucent door.
  1875 | D:2      | Noticed Crazy Yiuf
  1884 | D:2      | Killed Crazy Yiuf
  2222 | D:3      | Found a shimmering altar of Xom.
  2291 | D:3      | Reached skill level 1 in Unarmed Combat
  2300 | D:3      | Reached skill level 1 in Dodging
  2300 | D:3      | Gained mutation: You sometimes gain power by taking damage.
                  | [demonic ancestry]
  2300 | D:3      | Reached XP level 6. HP: 43/49 MP: 6/6
  2340 | D:3      | Found a stormy altar of Qazlal.
  2988 | D:4      | Found a hazy altar of Hepliaklqana.
  3258 | D:4      | Found a staircase to the Ecumenical Temple.
  3335 | D:4      | Found a sparkling altar of Nemelex Xobeh.
  3579 | D:5      | Entered Level 5 of the Dungeon
  4294 | D:4      | Gained mutation: You are mostly covered in rugged brown
                  | scales. (AC +2, +5% HP) [demonic ancestry]
  4294 | D:4      | Reached XP level 7. HP: 11/56 MP: 7/7
  4676 | D:5      | Noticed a troll
  4709 | D:4      | Slain by an ice beast

Illustrated notes

Levels and vault maps discovered:
D:1:      arrival_zaba_pyramid, layout_basic, minmay_quantized
D:2:      layout_rooms, lemuel_zombie_altar_kikubaaqudgha,
          chequers_temple_overflow_statue_of_worship, serial_bayou_pond_d,
          uniq_terence, uniq_crazy_yiuf_cottage
D:3:      layout_loops_ring, lemuel_round_altar, lemuel_crystal_altar,
          nrook_uturn
D:4:      layout_loops_ring, kennysheep_little_box,
          minmay_temple_entry_from_below_a, nemelex_dance_club_becter
D:5:      layout_loops_corners, roderic_batcave, minmay_divided_ellipse

Skill      XL: |  1  2  3  4  5  6 |
---------------+-------------------+-----
Long Blades    | 2 3 |  3.6
Armour         | 3 4 |  4.1
Shields        | 3 4 |  4.2
Unarmed Combat | 1 2 |  2.0
Dodging        | 1 |  1.5
Fighting       | 4 |  4.3
Stealth        | |  0.1

Action                   |  1- 3 |  4- 6 |  7- 9 || total
-------------------------+-------+-------+-------++-------
Melee: Long sword        |   104 |    97 |       ||   201
       Kick              |       |    88 |     7 ||    95
       Dagger            |       |   150 |    30 ||   180
Armor: Scale mail        |    54 |    67 |     8 ||   129
Dodge: Dodged            |    59 |    78 |     8 ||   145
Block: Kite shield       |    70 |   105 |     6 ||   181
       Rpst.: Long sword |    15 |    10 |       ||    25
